 Dungeon Crawl Stone Soup version 0.30.1-4-g462c640d31 (webtiles) character file.

Game seed: 13068712693490576704

525 Wiggles the Chopper (level 7, -2/61 HPs)
             Began as a Minotaur Berserker on Aug 10, 2023.
             Was a Priest of Trog.
             Slain by a scorpion (4 damage)
             ... on level 5 of the Dungeon.
             The game lasted 00:04:53 (3575 turns).

Wiggles the Chopper (Minotaur Berserker)            Turns: 3575, Time: 00:04:54

Health: -2/61      AC:  9    Str: 24    XL:     7   Next: 2%
Magic:  6/6        EV: 10    Int:  4    God:    Trog [***...]
Gold:   267        SH:  3    Dex:  9    Spells: 6/6 levels left

rFire   . . .        g - +1 hand axe (flame)
rCold   . . .        j - +0 buckler
rNeg    + . .        p - +0 scale mail
rPois   .            (helmet restricted)
rElec   .            d - +1 cloak
rCorr   .            (no gloves)
SInv    .            (no boots)
Will    .....        i - amulet "Irusab" {RegenMP rN+} Stlth
                     (no ring)
HPRegen 0.30/turn    (no ring)
MPRegen 0.50/turn

%: no passive effects
@: brilliant, lethally poisoned (-2 -> -10), on berserk cooldown, slowed, very
slow
A: horns 2, retaliatory headbutt
a: Renounce Religion, Berserk, Trog's Hand


You were on level 5 of the Dungeon.
You worshipped Trog.
Trog was most pleased with you.
You visited 1 branch of the dungeon, and saw 5 of its levels.

You collected 267 gold pieces.

Inventory:

Hand Weapons
 g - a +1 hand axe of flaming (weapon)
Armour
 d - a +1 cloak (worn)
 j - a +0 buckler (worn)
 p - a +0 scale mail (worn)
Jewellery
 i - the amulet "Irusab" (around neck) {RegenMP rN+}
   (You found it on level 2 of the Dungeon)

   [amulet of magic regeneration]

   It increases your rate of magic regeneration.
   rN:        It protects you from negative energy.
Wands
 k - a wand of charming (5)
 t - a wand of flame (17)
Scrolls
 a - 2 scrolls of teleportation {unknown}
 b - 6 scrolls of identify {unknown}
 c - 2 scrolls of fog {unknown}
 e - 3 scrolls of noise {unknown}
 f - 2 scrolls of brand weapon {unknown}
 l - a scroll of immolation {unknown}
 r - a scroll of magic mapping {unknown}
 s - a scroll of fear {unknown}
Potions
 h - 3 potions of haste {unknown}
 m - a potion of attraction {unknown}
 n - 2 potions of degeneration {unknown}
 o - 2 potions of brilliance
 q - 2 potions of resistance {unknown}


   Skills:
 + Level 5.3 Fighting
 + Level 6.9 Axes
 + Level 5.1 Armour
 + Level 2.8 Dodging
 + Level 0.4 Stealth
 + Level 1.0 Shields


You had 6 spell levels left.
You didn't know any spells.
Your spell library was empty.

Dungeon Overview and Level Annotations

Branches:
Dungeon (5/15)             Temple (0/1) D:4

Altars:
Ashenzari
Hepliaklqana
Kikubaaqudgha
Nemelex Xobeh
Trog
Yredelemnul


Innate Abilities, Weirdness & Mutations

You have a pair of horns on your head.
You reflexively headbutt those who attack you in melee.


Message History

You hit the scorpion but do no damage.
You feel very sick. The scorpion closely misses you. You furiously retaliate!
You headbutt the scorpion! The iguana bites you!
You barely miss the iguana.
The iguana is severely wounded.
You barely miss the scorpion.
You feel sick. The scorpion completely misses you.
You block the iguana's attack.
The scorpion stings you but does no damage.
You hit the iguana but do no damage.
The iguana is severely wounded.
You completely miss the scorpion.
You feel sick. The iguana bites you!
* * * LOW HITPOINT WARNING * * *
The scorpion stings you but does no damage.
The iguana closely misses you. The scorpion barely misses you.
You barely miss the iguana.
The iguana is severely wounded.
You hit the scorpion. You burn the scorpion.
You feel sick. The scorpion stings you.
* * * LOW HITPOINT WARNING * * *
The iguana misses you. You furiously retaliate!
You headbutt the iguana!
You kill the iguana!
Trog accepts your kill.
The scorpion stings you but does no damage.
You have reached level 7!
It was a potion of brilliance.
You feel clever all of a sudden.
You feel sick.
You are no longer poisoned.
The scorpion stings you but does no damage. x2
You closely miss the scorpion. Your headbutt misses the scorpion.
The scorpion is severely wounded.
The scorpion stings you but does no damage.
You hit the scorpion but do no damage. Your headbutt misses the scorpion.
The scorpion is severely wounded.
The scorpion stings you.
* * * LOW HITPOINT WARNING * * *
You are lethally poisoned!
The scorpion poisons you! The scorpion stings you.
You die...

..........................
..##.#..####.##....###.###
#.##.#.#####.....#.....#
................###..#.#########
...#.........#.##)##.#.........#
...#...###.#....#.#............#
...#...# #...#.##.##.#..<......#
##.....# #..##'#s..####........#
..###..# #.##$..@[...?##.......#
....#..# #..####...####.........
.......# #...#.##.##.#.........#
.......###......#.#............#
.............#.##[##.######+####
..##.#####.#.#..###..# ..##.#
###.##..#...# .....# #.###.....#
.##### ### #######


You could see a scorpion.

Vanquished Creatures
  A water moccasin (D:5)
  An ogre (D:5)
  2 orc priests (D:5)
  A hound (D:5)
  3 iguanas
  8 adders
  A shadow imp (D:5)
  2 worms (D:4)
  5 dart slugs
  9 orcs
  7 bats
  3 endoplasms
  4 giant cockroaches
  8 goblins
  7 hobgoblins
  2 jackals (D:2)
  2 quokkas
  6 ball pythons
  2 frilled lizards
  8 kobolds
  8 rats
90 creatures vanquished.

Notes
Turn   | Place    | Note
-------+----------+-------------------------------------------
     0 | D:1      | Wiggles the Minotaur Berserker began the quest for the Orb.
     0 | D:1      | Reached XP level 1. HP: 19/19 MP: 0/0
   263 | D:1      | Reached skill level 4 in Axes
   263 | D:1      | Reached XP level 2. HP: 26/27 MP: 1/1
   767 | D:2      | Reached XP level 3. HP: 33/33 MP: 2/2
   883 | D:2      | Reached ** piety under Trog
   931 | D:2      | Identified the amulet "Irusab" {RegenMP rN+}
   953 | D:2      | Found an ancient bone altar of Kikubaaqudgha.
  1026 | D:2      | Reached XP level 4. HP: 41/41 MP: 3/3
  1558 | D:3      | Reached skill level 5 in Axes
  1792 | D:3      | Found an ancient bone altar of Kikubaaqudgha.
  1792 | D:3      | Found a hazy altar of Hepliaklqana.
  1904 | D:3      | Reached XP level 5. HP: 36/47 MP: 4/4
  1978 | D:3      | Found a bloodstained altar of Trog.
  1981 | D:3      | Found a broken altar of Ashenzari.
  1982 | D:3      | Found a basalt altar of Yredelemnul.
  1988 | D:3      | Found a sparkling altar of Nemelex Xobeh.
  2103 | D:3      | Reached *** piety under Trog
  2677 | D:4      | Found a staircase to the Ecumenical Temple.
  3068 | D:5      | Entered Level 5 of the Dungeon
  3263 | D:5      | Reached skill level 5 in Fighting
  3263 | D:5      | Reached skill level 6 in Axes
  3263 | D:5      | Reached XP level 6. HP: 56/56 MP: 5/5
  3556 | D:5      | Noticed a water moccasin
  3563 | D:5      | Killed a water moccasin
  3564 | D:5      | Reached skill level 5 in Armour
  3564 | D:5      | Reached skill level 1 in Shields
  3572 | D:5      | HP: 2/56 [scorpion (4)]
  3573 | D:5      | Reached XP level 7. HP: 2/61 MP: 6/6
  3575 | D:5      | Slain by a scorpion

Illustrated notes

Levels and vault maps discovered:
D:1:      noname_arrival_rooms_in_the_neighbourhood, layout_loops_cross
D:2:      layout_loops_corners, basic_altar, kennysheep_generic_room_11
D:3:      layout_loops_ring, overflow_temple_1_default,
          gammafunk_temple_overflow_pools,
          chequers_temple_overflow_statue_of_worship
D:4:      layout_loops_ring, minmay_temple_entry_ruins
D:5:      layout_basic, led_xom_imps, minmay_fractal_squares_gapless_5

Skill      XL: |  1  2  3  4  5  6 |
---------------+-------------------+-----
Axes           | 4 5 6 |  6.9
Fighting       | 4 5 |  5.3
Armour         | 3 4 5 |  5.1
Shields        | 1 |  1.0
Dodging        | |  2.8
Stealth        | |  0.4

Action                     |  1- 3 |  4- 6 |  7- 9 || total
---------------------------+-------+-------+-------++-------
  Melee: Hand axe          |    52 |   129 |     2 ||   183
         Headbutt          |     1 |    17 |       ||    18
 Invoke: Berserk           |       |     2 |       ||     2
    Use: Potion            |       |       |     1 ||     1
 Armour: Ring mail         |    25 |    29 |       ||    54
         Scale mail        |       |    15 |     3 ||    18
  Dodge: Dodged            |    29 |    64 |       ||    93
  Block: Buckler           |       |    14 |       ||    14
